Map: Jagannatha LE

Players

Arctur

  • Race: Terran Terran
  • Spawn Location: 7:00

AqueroN - Winner!

  • Race: Terran Terran
  • League: Grandmaster
  • Spawn Location: 1:00

Event: DreamHack SC2 Masters 2020 Winter

VOD

Have the link to the VOD?

Description

Time

  • Played on: Oct. 16, 2020, 2:32 p.m.
  • Length: 9:42

All games in this series

Show
View Real Time Build Order
Export as new Build Order

Arctur Terran 

Build Orders: Liberator Opening 

Get SALT Encoding   

  12  0:00  SCV  
  13  0:14  Supply Depot  
  13  0:18  SCV  
  14  0:36  Barracks  
  14  0:41  Refinery  
  14  0:55  Barracks  
  14  1:00  SCV  
  15  1:13  SCV  
  16  1:24  Reaper  
  17  1:26  Orbital Command  
  17  1:34  Refinery  
  17  1:42  Reaper  
  18  1:52  SCV  
  19  2:02  Supply Depot  
  19  2:04  SCV  
  19  2:06  Reaper  
  21  2:14  Reaper  
  22  2:16  SCV  
  23  2:28  SCV  
  24  2:38  Reaper, Factory  
  24  2:40  SCV  
  26  2:55  SCV  
  26  3:07  SCV  
  26  3:11  Command Center  
  28  3:20  SCV  
  28  3:31  Starport  
  28  3:33  Supply Depot  
  28  3:34  Factory Tech Lab  
  28  3:40  SCV  
  29  3:54  SCV  
  29  3:55  Cyclone  
  32  4:08  Liberator  
  34  4:16  SCV  
  35  4:28  SCV  
  35  4:43  Cyclone  
  38  4:49  Marine  
  39  5:00  SCV  
  39  5:01  Viking  
  42  5:13  Orbital Command  
  35  5:17  Siege Tank  
  37  5:25  SCV  
  38  5:28  Barracks Reactor  
  38  5:37  SCV  
  38  5:40  Refinery  
  38  5:42  Starport Tech Lab  
  39  5:49  SCV x2  
  41  5:54  Siege Tank  
  44  6:01  SCV  
  45  6:08  SCV  
  45  6:09  Marine  
  45  6:13  SCV  
  42  6:25  SCV, Orbital Command  
  38  6:33  Marine x2, Siege Tank  
  38  6:37  SCV  
  44  6:50  SCV x2  
  44  6:51  Marine x2  
  48  7:02  SCV x2, Supply Depot  
  50  7:14  SCV x2  
  52  7:18  Viking, Supply Depot  
  54  7:24  Viking  
  54  7:26  SCV x2, Supply Depot  
  58  7:30  Supply Depot  
  58  7:34  Siege Tank  
  61  7:38  SCV  
  61  7:39  SCV, Supply Depot  
  61  7:41  Supply Depot  
  63  7:47  Marine  
  63  7:50  SCV  
  65  7:52  SCV, Viking  
  68  8:02  Viking  
  70  8:14  Marine  
  71  8:22  Viking  
  71  8:26  SCV x2  
  65  8:32  Viking  
  65  8:33  Siege Tank  
  53  8:36  Marine  
  54  8:47  SCV  
  55  8:50  SCV  
  55  8:55  Viking  
  58  8:57  Marine  
  59  9:05  Siege Tank  
  65  9:15  Marine  
  66  9:18  Supply Depot  
  66  9:19  Supply Depot  
Show
View Real Time Build Order
Export as new Build Order

AqueroN Terran - Winner!

Build Orders: 1/1/1, Liberator Opening 

Get SALT Encoding   

  12  0:00  SCV  
  13  0:12  SCV  
  14  0:17  Supply Depot  
  14  0:24  SCV  
  15  0:30  Refinery  
  15  0:38  SCV  
  16  0:45  Barracks  
  16  0:50  SCV  
  16  0:55  Refinery  
  17  1:03  SCV  
  18  1:15  SCV  
  19  1:32  Reaper, Orbital Command  
  20  1:36  Factory  
  20  1:48  Supply Depot  
  20  1:58  SCV  
  21  2:04  Marine  
  22  2:10  SCV  
  23  2:20  Hellion  
  23  2:22  Marine  
  26  2:25  Starport  
  26  2:40  Marine  
  26  2:41  SCV  
  28  2:45  Hellion  
  28  2:51  Supply Depot  
  29  3:00  Barracks Tech Lab  
  29  3:07  Liberator  
  29  3:08  Hellion  
  34  3:15  SCV  
  35  3:31  SCV  
  36  3:35  Cyclone  
  36  3:36  Barracks Reactor  
  36  3:38  Supply Depot  
  39  3:43  SCV  
  40  3:52  Starport Tech Lab  
  41  3:55  SCV  
  41  4:14  Command Center  
  41  4:16  Raven  
  43  4:20  Marine  
  43  4:22  Marine  
  45  4:28  SCV  
  46  4:31  Siege Tank  
  49  4:42  Marine x2  
  51  4:48  Supply Depot  
  51  4:53  SCV  
  52  5:01  Raven  
  52  5:02  Marine  
  55  5:08  Marine  
  51  5:15  SCV  
  51  5:19  Cyclone  
  54  5:27  SCV, Marine x2  
  54  5:28  Orbital Command  
  53  5:40  SCV  
  54  5:43  Refinery  
  54  5:45  Marine x2  
  56  5:52  SCV  
  56  5:54  Siege Tank  
  60  5:57  SCV  
  60  6:04  SCV, Marine x2  
  62  6:09  SCV  
  62  6:10  Command Center  
  60  6:24  Marine  
  60  6:25  Marine  
  62  6:26  SCV x2  
  62  6:38  Siege Tank  
  65  6:40  SCV  
  65  6:41  SCV  
  65  6:44  Marine x2  
  65  6:45  Barracks  
  69  6:47  Barracks  
  69  6:53  SCV x2  
  71  6:59  Supply Depot  
  71  7:01  Supply Depot  
  71  7:02  Marine x2  
  71  7:05  SCV x2  
  75  7:11  Siege Tank  
  78  7:20  Supply Depot  
  78  7:21  SCV x2  
  80  7:23  Engineering Bay  
  80  7:24  Supply Depot, Engineering Bay  
  80  7:26  Orbital Command  
  80  7:35  Barracks Reactor, Marine x2, Barracks Tech Lab  
  82  7:42  SCV x2  
  84  7:50  Starport Reactor  
  84  7:53  Marine x2  
  84  7:54  SCV x2  
  84  7:55  Marine  
  84  7:56  Stimpack  
  88  8:03  Siege Tank  
  91  8:11  Marine x2  
  91  8:12  Marine x2  
  73  8:28  SCV x2  
  73  8:33  Marine x5  
  73  8:34  SCV  
  71  8:36  Medivac x2  
  71  8:40  SCV, Siege Tank  
  71  8:41  SCV  
  80  8:46  SCV  
  80  8:50  Marine  
  80  8:51  Marine x4  
  84  9:01  SCV x2  
  86  9:08  Marine x3  
  86  9:09  Marine x2  
  90  9:12  Orbital Command  
  90  9:16  SCV x2  
  95  9:28  SCV x2  
Tags
 
Add a new tag
Caveats
  • Supply blocks, unpowered buildings, or Contaminate may cause inaccurate times.
  • Supply counts are checked every 10 seconds.